AoeStats
← vortic

Arena

507510772Analyzed
1v1 RM · 13d ago on Sep 18, 2026· 45m 28s· 2 players
Game mode
Random Map
Map size
Tiny (2 player)
Population
200
Speed
Normal
Resources
Standard
Victory
Conquest
Starting age
Dark Age
Ending age
Imperial Age
RankedLock teamsTeams togetherTeam positionsShared explorationLock speedFull tech treeHidden civsTurbo modeCheats
Victory
Defeat
🇧🇷 Dravidians · Brazil
420
+15
🇦🇷 Burgundians · Argentina
406
-15
El Pelado Masterchef
0:29 Loom
8:58 Double-Bit Axe
11:18 Feudal Age
12:44 Horse Collar
13:30 Bow Saw
18:36 Wheelbarrow
18:26 Town Watch
21:52 Castle Age
19:51 Stone Mining
21:17 Heavy Plow
27:14 Hand Cart
27:05 Town Patrol
28:15 Elite Skirmisher
32:01 Burgundian Vineyards
32:27 Murder Holes
32:14 Treadmill Crane
32:45 Masonry
33:58 Pikeman
34:39 Squires
34:25 Arson
35:25 Fortified Wall
35:36 Ballistics
35:45 Fletching
36:01 Scale Barding Armor
36:07 Forging
36:15 Guard Tower
39:18 Imperial Age
37:55 Fervor
41:20 Conscription
42:49 Crop Rotation
42:22 Light Cavalry
43:04 Husbandry
43:49 Iron Casting
43:10 Bodkin Arrow
43:35 Chain Barding Armor
43:16 Scale Mail Armor
43:16 Padded Archer Armor
42:39 Halberdier
44:26 Chemistry
45:44 Conscription
vortic
0:44 Loom
10:53 Feudal Age
11:28 Double-Bit Axe
11:26 Horse Collar
13:29 Gold Mining
16:11 Wheelbarrow
17:56 Stone Mining
21:51 Castle Age
23:06 Bow Saw
22:59 Heavy Plow
34:04 Imperial Age
32:21 Light Cavalry
33:01 Husbandry
36:58 Elite Skirmisher
37:44 Thumb Ring
37:27 Gambesons
37:42 Squires
37:28 Arson
40:39 Pikeman
43:33 Halberdier
Connection lost

Rejoining the realm…

Still unreachable

The connection could not be restored.

Session expired

The server has moved on; the page needs a fresh start.